 Dungeon Crawl Stone Soup version 0.28-a0-8-g6e044cfa68 (webtiles) character file.

Game seed: 4284686128249949419

41 Sin92 the Skirmisher (level 3, -1/29 HPs)
             Began as a Demonspawn Fighter on July 25, 2021.
             Killed by divine providence
             ... invoked by an orc priest
              (14 damage)
             ... on level 3 of the Dungeon.
             The game lasted 00:01:55 (2215 turns).

Sin92 the Skirmisher (Demonspawn Fighter)           Turns: 2215, Time: 00:01:55

Health: -1/29      AC: 18    Str: 16    XL:     3   Next: 32%
Magic:  3/3        EV:  4    Int:  9    God:
Gold:   63         SH: 13    Dex: 13    Spells: 2/2 levels left

rFire   . . .      SeeInvis .   a - +0 war axe
rCold   . . .      Faith    .   c - +0 kite shield
rNeg    . . .      Spirit   .   j - +3 chain mail
rPois   .          Reflect  .   (no helmet)
rElec   .          Harm     .   (no cloak)
rCorr   .          Rampage  .   (no gloves)
Will    .....                   (no boots)
Stlth   ..........              (no amulet)
HPRegen 0.09/turn               (no ring)
MPRegen 0.08/turn               (no ring)

@: sanguine armoured
A: sanguine armour 1, condensation shield
a: no special abilities


You were on level 3 of the Dungeon.
You visited 1 branch of the dungeon, and saw 3 of its levels.

You collected 63 gold pieces.

Inventory:

Hand Weapons
 a - a +0 war axe (weapon)
Armour
 b - a +0 scale mail
 c - a +0 kite shield (worn)
 j - a +3 chain mail (worn)
Scrolls
 e - a scroll of fear
 h - a scroll of holy word
Potions
 d - a potion of might
 f - a potion of heal wounds {unknown}
 g - a potion of flight {unknown}
 i - 2 potions of magic {unknown}


   Skills:
 + Level 3.2 Fighting
 * Level 2.4 Axes
 + Level 2.9 Armour
 + Level 1.0 Dodging
 + Level 2.9 Shields


You had 2 spell levels left.
You didn't know any spells.
Your spell library was empty.

Dungeon Overview and Level Annotations

Branches:
Dungeon (3/15)

Altars:


Innate Abilities, Weirdness & Mutations

When seriously injured, your bleeding wounds create armour. (AC +6)
A meltable shield of frost defends you. (SH +4)


Message History

The puff of frost hits you!
Your blood congeals into armour.
The orc barely misses you. The orc priest hits you with a +0 club.
The white imp hits you but does no damage.
You block the orc's attack. The orc hits you but does no damage.
There are monsters nearby!
Your shield and chain mail prevent you from hitting the white imp.
The white imp is moderately wounded.
You hit the orc priest. You hit the orc. You block the orc priest's attack.
You block the white imp's attack. The orc hits you with a +0 dagger.
You block the orc's attack. You block the orc priest's attack.
The white imp hits you but does no damage.
There are monsters nearby!
Unknown command.
You are too injured to fight recklessly!
Unknown command.
There are monsters nearby!
You are too injured to fight recklessly!
Unknown command.
There are monsters nearby!
You are too injured to fight recklessly!
There are monsters nearby!
You are too injured to fight recklessly!
Your chain mail prevents you from hitting the orc priest.
The orc priest is moderately wounded.
Your shield and chain mail prevent you from hitting the white imp.
You hit the orc. You block the orc's attack.
The orc hits you but does no damage.
The orc priest hits you but does no damage.
You block the white imp's attack. You block the orc's attack.
The orc hits you but does no damage.
Your shield prevents you from hitting the white imp.
The white imp is moderately wounded.
You hit the orc priest. You slash the orc!
You kill the orc!
The orc priest casts a cantrip, but nothing happens.
The white imp hits you but does no damage.
You block the orc's attack.
The orc priest mumbles some strange prayers to Beogh against you.
Beogh smites you!
You die...

.. .# . . .. #.####
#.# # ...#.#... ..#.#
#
....o..o#######..#.#..
.....oo5#.....#......
.....o)@#..#..#....#
........####..#....#
...................#
#+###.#.######.....#
................#
#####.#####......# ..#
#......# ... #......#
.#.. #......#


You could see 2 orc priests, a white imp and 3 orcs.

Vanquished Creatures
  An orc (D:3)
  2 ball pythons
  5 endoplasms
  A giant cockroach (D:2)
  5 goblins
  4 hobgoblins (D:1)
  4 jackals (D:1)
  2 quokkas
  4 bats
  A frilled lizard (D:1)
  4 kobolds
  2 rats (D:2)
35 creatures vanquished.

Notes
Turn   | Place    | Note
-------+----------+-------------------------------------------
     0 | D:1      | Sin92 the Demonspawn Fighter began the quest for the Orb.
     0 | D:1      | Reached XP level 1. HP: 18/18 MP: 1/1
   319 | D:1      | Gained mutation: A meltable shield of frost defends you.
                  | (SH +4) [demonic ancestry]
   319 | D:1      | Reached XP level 2. HP: 19/24 MP: 2/2
   551 | D:1      | Found a faded altar of an unknown god.
  1407 | D:2      | Gained mutation: When seriously injured, your bleeding
                  | wounds create armour. (AC +6) [demonic ancestry]
  1407 | D:2      | Reached XP level 3. HP: 29/29 MP: 3/3
  1647 | D:2      | Reached skill level 1 in Dodging
  2215 | D:3      | Killed from afar by an orc priest

Illustrated notes

Levels and vault maps discovered:
D:1:      dpeg_arrival_pits, layout_basic, shapermc_ecumenical_altar_venn,
          hangedman_decor_riveting
D:2:      layout_basic
D:3:      layout_basic, grunt_temple_overflow_magic_moments, uniq_grinder

Skill      XL: |  1  2  3 |
---------------+----------+-----
Axes           | 2 |  2.4
Dodging        | 1 |  1.0
Fighting       | |  3.2
Armour         | |  2.9
Shields        | |  2.9

Action                   || total
-------------------------++-------
Melee: War axe           ||   109
  Use: Scroll            ||     7
Armor: Scale mail        ||    36
       Chain mail        ||    43
Dodge: Dodged            ||    28
Block: Kite shield       ||    95

Table legend: (Time is in decaauts)
 A = Elapsed time spent in this place.
 B = Non-inter-level travel time spent in this place.
 C = Inter-level travel time spent in this place.
 D = Time resting spent in this place.
 E = Time spent auto-exploring this place.
 F = Levels seen in this place.
 G = Mean time per level.
                   A        B        C        D        E       F      G
               +--------+--------+--------+--------+--------+-----+--------+
         Total |   2283 |   2236 |     47 |    353 |   1572 |   3 |  761.0 |
       Dungeon |   2283 |   2236 |     47 |    353 |   1572 |   3 |  761.0 |
               +--------+--------+--------+--------+--------+-----+--------+

Top non-repeatable levels by time:
     D:1: 1348 daAuts
     D:2: 895 daAuts
     D:3: 40 daAuts
